 Dungeon Crawl Stone Soup version 0.30-a0-557-ge2afbf3030 (webtiles) character file.

Game seed: 7491854505144658236

47141 sanka the Basher (level 14, -12/116 HPs)
             Began as a Formicid Fighter on Dec 27, 2022.
             Was a High Priest of Okawaru.
             Mangled by a spriggan rider
             ... wielding a +0 spear of venom
              (36 damage)
             ... on level 5 of the Lair of Beasts.
             The game lasted 00:54:51 (19821 turns).

sanka the Basher (Formicid Fighter)                Turns: 19821, Time: 00:54:51

Health: -12/116    AC: 37    Str: 35    XL:     14   Next: 80%
Magic:  21/21      EV:  2    Int:  8    God:    Okawaru [*****.]
Gold:   1158       SH:  0    Dex: 17    Spells: 13/13 levels left

rFire   + + .      SeeInvis +    a - +0 giant spiked club (vamp)
rCold   + + .      Faith    .    (shield currently unavailable)
rNeg    . . .      Spirit   .    h - +3 crystal plate armour
rPois   .          Reflect  .    (helmet unavailable)
rElec   .          Harm     .    x - +1 cloak "Leosk" {rC++ Dex+4}
rCorr   .          Rampage  .    S - +2 pair of gloves {Str+3}
Will    +....                    c - +1 pair of boots of the Eagle {rF++ SInv} Stlth
                                 P - amulet of the acrobat
HPRegen 0.39/turn                R - +4 ring of protection
MPRegen 0.17/turn                I - +6 ring of strength

@: lethally poisoned (-12 -> -31), sleeping
A: permanent stasis, dig shafts and tunnels, antennae 3, four strong arms
a: Dig, Shaft Self, Renounce Religion, Heroism, Finesse, Duel


You were on level 5 of the Lair of Beasts.
You worshipped Okawaru.
Okawaru was extremely pleased with you.
You visited 2 branches of the dungeon, and saw 17 of its levels.
You also visited: Bailey.

You collected 1329 gold pieces.
You spent 171 gold pieces at shops.


Innate Abilities, Weirdness & Mutations

You cannot be hasted, slowed, berserked, paralysed or teleported.
You can dig through walls and to a lower floor.
You have a pair of large antennae on your head. (SInv)
Your four strong arms can wield two-handed weapons with a shield.


   Skills:
 + Level 12.3 Fighting
 - Level 10.1(13.7) Axes
 * Level 14.8(16.0) Maces & Flails
 + Level 12.3 Armour
 - Level 4.0 Shields
 - Level 10.0 Invocations


You had 13 spell levels left.
You didn't know any spells.
Your spell library contained the following spells:

 Spells                   Type           Power      Damage    Failure   Level
 Necrotise                Necr           0%         1d4       99%         1
 Sting                    Tmut/Pois      0%         1d3       99%         1
 Momentum Strike          Conj/Tloc      0%         3d8       100%        2
 Dazzling Flash           Conj/Hex       0%         N/A       100%        3
 Lesser Beckoning         Tloc           0%         N/A       100%        3
 Mephitic Cloud           Conj/Pois/Air  0%         N/A       100%        3
 Stone Arrow              Conj/Erth      0%         3d7       100%        3
 Vampiric Draining        Necr           0%         2d6       100%        3
 Vhi's Electric Charge    Tloc/Air       0%         N/A       100%        3
 Leda's Liquefaction      Hex/Erth       0%         N/A       100%        4
 Agony                    Necr           0%         N/A       100%        5
 Arcjolt                  Conj/Air       0%         1d10      100%        5
 Lee's Rapid Deconstruct  Erth           0%         3d4*      100%        5
 Statue Form              Tmut/Erth      0%         N/A       100%        6
 Lehudib's Crystal Spear  Conj/Erth      0%         10d2      100%        8
 Maxwell's Capacitive Co  Air            0%         ∞         100%        8
 Blink                    Tloc           Unusable   N/A       N/A         2
 Animate Armour           Summ/Erth      Unusable   N/A       N/A         4

Inventory:

Hand Weapons
 a - a +0 vampiric giant spiked club (weapon)
 b - a +0 heavy battleaxe
 B - a +1 short sword of distortion
Missiles
 Q - 4 throwing nets {=f}
 V - 4 curare-tipped darts {=f}
Armour
 c - the +1 pair of boots of the Eagle (worn) {rF++ SInv} rF: It greatly protects you from fire. SInv: It lets you see invisible.
 h - a +3 crystal plate armour (worn)
 x - the +1 cloak "Leosk" (worn) {rC++ Dex+4}

   Dex:       It affects your dexterity (+4).
   rC:        It greatly protects you from cold.
 S - a +2 pair of gloves of strength (worn)
Jewellery
 o - a ring of protection from fire
 p - a +4 ring of slaying
 w - a +6 ring of dexterity
 I - a +6 ring of strength (right hand)
 K - a ring of protection from fire
 P - an amulet of the acrobat (around neck)
 R - a +4 ring of protection (left hand)
 X - a ring of protection from cold
Wands
 n - a wand of digging (4)
 u - a wand of flame (53)
 y - a wand of acid (2)
 A - a wand of roots (8)
 G - a wand of mindburst (8)
 Y - a wand of polymorph (5)
Scrolls
 g - 3 scrolls of enchant weapon
 k - 2 scrolls of vulnerability {!r}
 t - 3 scrolls of fog
 F - a scroll of poison {!r}
 M - 3 scrolls of immolation {!r}
 N - 3 scrolls of noise {!r}
 T - a scroll of acquirement
 U - a scroll of fear
Potions
 d - 3 potions of might
 e - 8 potions of lignification {!q}
 f - 2 potions of berserk rage {unknown}
 i - 5 potions of haste {unknown}
 j - 7 potions of flight
 l - 4 potions of heal wounds {@q2}
 m - 2 potions of resistance {unknown}
 q - 3 potions of cancellation {unknown}
 r - 3 potions of magic {unknown}
 s - 3 potions of curing {@q1}
 z - 2 potions of attraction {unknown}
 C - 5 potions of mutation {unknown}
 J - 12 potions of ambrosia
 W - a potion of degeneration {unknown}
 Z - a potion of invisibility {unknown}

Dungeon Overview and Level Annotations

Branches:
Dungeon (12/15)            Temple (0/1) D:6            Lair (5/5) D:10
 Shoals (0/4) Lair:3        Snake (0/4) Lair:2        Slime (0/5) Lair:4
 Bailey (visited)
    Orc: D:9-12

Altars:
Elyvilon
Kikubaaqudgha
Nemelex Xobeh
Okawaru
Qazlal
Trog
Uskayaw
The Shining One
Jiyva

Shops:
D:1 ([::   D:2 *   D:4 (   D:7 ?

Annotations:
Lair:4 exclusion: 2 oklob plants

..... ▒.... ..Yi.. ▒....▒
▒...▒▒▒.... ..{...{
......▒▒....▒..... ..i...
..........▒ ▒.... ......▒
....▒▒....▒▒▒▒f.. ......{
▒..f.....▒▒..▒ ./..Y.{{
▒▒▒▒▒P..†).▒▒....
.....iY▒▒▒..▒f............
.....YhYSB.........†......
▒▒P▒.▒▒i▒▒..▒▒▒▒.P▒▒▒..▒▒▒
▒▒▒▒▒▒▒ ▒.▒▒ ▒▒▒▒ ▒▒▒


You could see a spriggan rider, a black mamba, a spriggan, a wolf and 4 dream
sheep.


Message History

You are more poisoned.
The black mamba bites you!
You miss the black mamba.
You feel very sick.
The black mamba bites you but does no damage.
The spriggan rider hits you from afar with a +0 spear of venom!
* * * LOW HITPOINT WARNING * * *
You are more poisoned.
The black mamba bites you but does no damage.
You barely miss the black mamba.
You feel very sick.
The black mamba bites you but does no damage.
The spriggan rider hits you but does no damage.
You are more poisoned.
The black mamba bites you.
* * * LOW HITPOINT WARNING * * *
You miss the black mamba.
You feel extremely sick. The black mamba closely misses you.
The spriggan rider hits you from afar with a +0 spear of venom.
* * * LOW HITPOINT WARNING * * *
The dream sheep ruffle their wool and motes of dream dust sparkle, to no effect.
The dream sheep shake their wool and sparkle.
You feel drowsy...
You fall asleep.
The black mamba bites you but does no damage.
* * * LOW HITPOINT WARNING * * *
You feel very sick.
The dream sheep bleats!
The spriggan rider hits you from afar with a +0 spear of venom!!!
You die...

Action                   |  1- 3 |  4- 6 |  7- 9 | 10-12 | 13-15 || total
-------------------------+-------+-------+-------+-------+-------++-------
Melee: War axe           |    77 |   130 |   132 |       |       ||   339
       Giant club        |       |       |    75 |   120 |       ||   195
       Giant spiked club |       |       |       |   175 |   430 ||   605
       Battleaxe         |       |       |       |   161 |    64 ||   225
       Punch             |       |       |       |     9 |     4 ||    13
Invok: Heroism           |       |       |     7 |    14 |    15 ||    36
       Finesse           |       |       |       |       |     1 ||     1
 Abil: Dig               |       |       |     4 |     1 |     1 ||     6
Evoke: Wand              |       |       |     5 |     5 |     5 ||    15
  Use: Scroll            |       |     6 |     2 |     5 |     9 ||    22
       Potion            |       |       |     3 |     1 |     5 ||     9
Armor: Scale mail        |    33 |    46 |     7 |       |       ||    86
       Chain mail        |       |       |   134 |   196 |       ||   330
       Plate armour      |       |       |       |    85 |       ||    85
       Crystal plate arm |       |       |       |    72 |   545 ||   617
Dodge: Dodged            |    35 |    54 |    82 |   312 |   320 ||   803
Block: Buckler           |    19 |    25 |    38 |       |       ||    82

Levels and vault maps discovered:
D:1:      tarquinn_simple_flora_water_a, layout_basic,
          hellmonk_ecumenical_altar_watching_god, serial_shops, shop,
          nicolae_shop_statue_plus, nicolae_square_shop, nicolae_diamond_shop,
          minmay_pentomino_x2
D:2:      kb_forest_paths, layout_basic, serial_shops, shop, uniq_terence,
          uniq_natasha
D:3:      kennysheep_slugbush, layout_loops_ring, mainiacjoe_overflow_catwalk,
          mainiacjoe_overflow_surrounded_room, nicolae_overflow_hidden_temple
D:4:      layout_rooms, kiku_gazebo_pond_becter, serial_shops,
          nicolae_stop_n_shop_1, gammafunk_ghost_nasty_kobolds,
          uniq_crazy_yiuf_cottage, uniq_blork_the_orc
D:5:      layout_cave_pods, nemelex_dance_club_becter
D:6:      layout_basic, mainiacjoe_overflow_small_starburst,
          minmay_temple_entry_stoned_glass, uniq_duvessa, uniq_eustachio
D:7:      layout_layer_cave, nicolae_qazlal_eye_of_the_storm, elyvilon_altar_1,
          serial_shops, shop, uniq_joseph
D:8:      layout_basic, minmay_fire_ice_demons
D:9:      layout_loops_corners, uniq_erolcha
D:10:     layout_loops_ring, erik_lair_island, lightli_bailey_entry_fortress,
          uniq_grum
D:11:     layout_cave_pools, minmay_joined_circles
D:12:     layout_roguey, erik_orc_1, serial_shops,
          nicolae_shop_temple_entry_statues_fountains, uniq_snorg
Lair:1:   layout_chaotic_city, ebering_ghost_rock_garden, uniq_sonja
Lair:2:   layout_roguey [special_room_bee], minmay_snake_entry_guardpost_medium,
          lemuel_fruit_tree, infiniplex_staircase_pool_2, serial_bayou_shore_b,
          uniq_harold, uniq_amaemon
Lair:3:   layout_misc_corridors, minmay_shoals_entry_centaurs,
          serial_bayou_shore_b, infiniplex_staircase_pool, uniq_kirke
Lair:4:   layout_regular_city, minmay_slime_entry_oklob_enclosed,
          lemuel_fruit_fields, grunt_megastairs_4, serial_bayou_shore_b,
          serial_bayou_shore_a
Lair:5:   minmay_lair_end_enchanted_forest, layout_regular_city,
          portal_ice_cave_entry_ice_simulacra, hangedman_lair_generics_rect,
          serial_bayou_shore_b

Notes
Turn   | Place    | Note
-------+----------+-------------------------------------------
     0 | D:1      | sanka the Formicid Fighter began the quest for the Orb.
     0 | D:1      | Reached XP level 1. HP: 18/18 MP: 1/1
    78 | D:1      | Found Heplessi's Book Emporium.
    90 | D:1      | Reached XP level 2. HP: 20/24 MP: 2/2
   142 | D:1      | Found Qusmas's Armour Shop.
   153 | D:1      | Found Fah Cijy's Book Shoppe.
   291 | D:1      | Got the Papyrus of Dynamic Putrescence
   358 | D:1      | Found Paext's Antique Weapon Emporium.
   368 | D:1      | Reached skill level 3 in Axes
   448 | D:1      | Noticed a great orb of eyes
   456 | D:1      | Noticed a shining eye
   461 | D:1      | Found a faded altar of an unknown god.
   464 | D:1      | Noticed a floating eye
   464 | D:1      | Noticed a shining eye
   661 | D:1      | Reached XP level 3. HP: 26/29 MP: 3/3
   976 | D:2      | Found Hottoddemn's General Store.
  1092 | D:2      | Noticed Natasha
  1094 | D:2      | Killed Natasha
  1095 | D:2      | Reached skill level 4 in Axes
  1095 | D:2      | Reached XP level 4. HP: 28/35 MP: 4/4
  1504 | D:2      | Noticed Terence
  1559 | D:2      | Noticed Natasha
  2014 | D:2      | Killed Natasha
  2015 | D:2      | Reached XP level 5. HP: 41/41 MP: 5/5
  2061 | D:2      | Reached skill level 5 in Axes
  2232 | D:2      | Noticed Natasha
  2250 | D:2      | Killed Natasha
  2338 | D:3      | Reached XP level 6. HP: 18/47 MP: 6/6
  2489 | D:3      | Found a bloodstained altar of Trog.
  2603 | D:3      | Reached skill level 6 in Axes
  2694 | D:3      | Found an iron altar of Okawaru.
  2713 | D:3      | Found a glowing golden altar of the Shining One.
  2878 | D:4      | Found an ancient bone altar of Kikubaaqudgha.
  2895 | D:4      | Noticed Blork the orc
  2916 | D:4      | Killed Blork the orc
  3052 | D:4      | Noticed an ogre
  3134 | D:4      | Reached XP level 7. HP: 43/52 MP: 7/7
  3148 | D:4      | Reached skill level 7 in Axes
  3433 | D:1      | Bought a +1 cloak for 138 gold pieces
  3527 | D:4      | Found Heohug's Weapon Emporium.
  3551 | D:3      | Became a worshipper of Warmaster Okawaru
  3860 | D:4      | Found a runed translucent gate.
  3860 | D:4      | Found a runed translucent gate.
  3864 | D:4      | Found a runed translucent gate.
  3864 | D:4      | Noticed kae's ghost (amateur TeFE)
  3880 | D:4      | Killed kae's ghost
  3881 | D:4      | Reached skill level 8 in Axes
  4153 | D:4      | Found a runed translucent door.
  4154 | D:4      | Noticed Crazy Yiuf
  4161 | D:4      | Killed Crazy Yiuf
  4162 | D:4      | Reached XP level 8. HP: 57/60 MP: 8/8
  4237 | D:5      | Entered Level 5 of the Dungeon
  4368 | D:2      | Found Hottoddemn's General Store.
  4462 | D:2      | Killed Terence
  5280 | D:5      | Reached skill level 4 in Armour
  5284 | D:5      | Reached * piety under Okawaru
  5285 | D:5      | Reached skill level 4 in Fighting
  5334 | D:5      | Reached skill level 1 in Invocations
  5355 | D:5      | Reached skill level 3 in Invocations
  5652 | D:5      | Found a sparkling altar of Nemelex Xobeh.
  6059 | D:6      | Reached skill level 4 in Invocations
  6109 | D:6      | Found a staircase to the Ecumenical Temple.
  6119 | D:6      | Reached skill level 5 in Invocations
  6119 | D:6      | Reached skill level 1 in Maces & Flails
  6120 | D:6      | Noticed Eustachio
  6201 | D:6      | Killed Eustachio
  6202 | D:6      | Reached skill level 3 in Maces & Flails
  6215 | D:6      | Reached XP level 9. HP: 65/65 MP: 12/12
  6415 | D:6      | Reached skill level 4 in Maces & Flails
  6605 | D:6      | Reached skill level 5 in Maces & Flails
  6638 | D:6      | Noticed Dowan
  6639 | D:6      | Noticed Duvessa
  6648 | D:6      | Killed Duvessa
  6649 | D:6      | Killed Dowan
  6851 | D:2      | Bought a potion of curing for 33 gold pieces
  6969 | D:6      | Found a hide-covered altar of Uskayaw.
  6979 | D:6      | Reached skill level 6 in Maces & Flails
  7310 | D:7      | Found Buefoil's Magic Scroll Boutique.
  7315 | D:7      | Found a stormy altar of Qazlal.
  7620 | D:7      | Found a white marble altar of Elyvilon.
  7630 | D:7      | Reached skill level 7 in Maces & Flails
  7681 | D:7      | Noticed Joseph
  7694 | D:7      | Killed Joseph
  7694 | D:7      | Reached ** piety under Okawaru
  7868 | D:7      | Reached skill level 8 in Maces & Flails
  7932 | D:7      | Reached XP level 10. HP: 36/71 MP: 10/13
  8211 | D:6      | Reached skill level 9 in Maces & Flails
  9002 | D:8      | Reached skill level 5 in Fighting
  9047 | D:8      | Reached skill level 5 in Armour
  9426 | D:8      | Reached *** piety under Okawaru
  9776 | D:9      | Noticed Erolcha
  9777 | D:9      | Noticed a two-headed ogre
  9784 | D:9      | Killed a two-headed ogre
  9785 | D:9      | Reached skill level 6 in Fighting
  9785 | D:9      | Reached skill level 6 in Armour
  9795 | D:9      | Killed Erolcha
  9796 | D:9      | Reached skill level 7 in Fighting
  9796 | D:9      | Reached skill level 7 in Armour
  9796 | D:9      | Reached XP level 11. HP: 56/84 MP: 14/14
 10148 | D:9      | Noticed a two-headed ogre
 10170 | D:9      | Killed a two-headed ogre
 10171 | D:9      | Reached skill level 9 in Axes
 10682 | D:9      | Reached skill level 8 in Armour
 10802 | D:10     | Entered Level 10 of the Dungeon
 10809 | D:10     | Noticed a two-headed ogre
 10812 | D:10     | Killed a two-headed ogre
 10812 | D:10     | Reached **** piety under Okawaru
 10813 | D:10     | Reached skill level 8 in Fighting
 11008 | D:10     | Noticed Grum
 11014 | D:10     | Reached skill level 10 in Axes
 11019 | D:10     | Killed Grum
 11056 | D:10     | Found a flagged portal.
 11083 | Bailey   | Entered a bailey
 11476 | Bailey   | Noticed an orc knight
 11544 | Bailey   | Killed an orc knight
 11545 | Bailey   | Reached skill level 6 in Invocations
 11760 | Bailey   | Received a gift from Okawaru
 11825 | D:10     | Reached skill level 7 in Invocations
 11893 | D:10     | Found a staircase to the Lair.
 12269 | D:10     | Reached XP level 12. HP: 94/94 MP: 17/17
 12397 | D:11     | Reached skill level 8 in Invocations
 12424 | D:11     | Reached ***** piety under Okawaru
 12561 | D:11     | Reached skill level 9 in Invocations
 12614 | D:11     | Noticed a boulder beetle
 12625 | D:11     | Killed a boulder beetle
 12626 | D:11     | Reached skill level 10 in Invocations
 12701 | D:11     | Reached skill level 10 in Maces & Flails
 12827 | D:11     | Reached skill level 9 in Fighting
 12827 | D:11     | Reached skill level 9 in Armour
 13387 | D:11     | Identified a +0 crystal plate armour
 13458 | Lair:1   | Entered Level 1 of the Lair of Beasts
 13639 | Lair:1   | Found a runed translucent gate.
 13639 | Lair:1   | Found a runed translucent gate.
 13639 | Lair:1   | Found a runed translucent gate.
 14072 | Lair:1   | Identified the +1 cloak "Leosk" {rC++ Dex+4} (Okawaru
                  | gifted it to you on level 1 of the Lair of Beasts)
 14072 | Lair:1   | Received a gift from Okawaru
 14074 | Lair:1   | Reached skill level 11 in Maces & Flails
 14333 | Lair:1   | Reached XP level 13. HP: 94/101 MP: 20/20
 14697 | Lair:1   | Noticed Sonja
 14704 | Lair:1   | Sonja changed into Sonja the water moccasin
 14704 | Lair:1   | Noticed Sonja
 14709 | Lair:1   | Killed Sonja the water moccasin
 14777 | Lair:1   | Noticed caveywoolpert's ghost (journeyman DgEE)
 14925 | Lair:1   | Killed caveywoolpert's ghost
 14970 | Lair:2   | Noticed a catoblepas
 14981 | Lair:2   | Killed a catoblepas
 14982 | Lair:2   | Reached skill level 10 in Fighting
 14982 | Lair:2   | Reached skill level 10 in Armour
 15171 | Lair:2   | Noticed Harold
 15171 | Lair:2   | Noticed Amaemon
 15189 | Lair:2   | Killed Amaemon
 15190 | Lair:2   | Reached skill level 12 in Maces & Flails
 15194 | Lair:2   | Killed Harold
 16544 | Lair:2   | Found a staircase to the Snake Pit.
 16754 | Lair:3   | Found a staircase to the Shoals.
 16839 | Lair:3   | HP: 8/105 [poisoned by a black mamba]
 16839 | Lair:3   | HP: 1/105 [black mamba (7)]
 17052 | Lair:3   | Received a gift from Okawaru
 17299 | Lair:3   | Reached skill level 11 in Fighting
 17299 | Lair:3   | Reached skill level 13 in Maces & Flails
 17299 | Lair:3   | Reached skill level 11 in Armour
 17485 | Lair:3   | Noticed Kirke
 17505 | Lair:3   | Killed Kirke
 17633 | Lair:3   | Reached XP level 14. HP: 110/113 MP: 21/21
 18421 | Lair:4   | Found a viscous altar of Jiyva.
 18616 | Lair:4   | Reached ****** piety under Okawaru
 18629 | Lair:4   | Identified the +1 pair of boots of the Eagle {rF++ SInv}
                  | (Okawaru gifted it to you on level 4 of the Lair of Beasts)
 18629 | Lair:4   | Received a gift from Okawaru
 18635 | Lair:4   | Reached skill level 14 in Maces & Flails
 19568 | Lair:4   | Found a staircase to the Slime Pits.
 19600 | Lair:5   | Entered Level 5 of the Lair of Beasts
 19617 | Lair:5   | Reached skill level 12 in Fighting
 19623 | Lair:4   | Reached skill level 12 in Armour
 19688 | Lair:5   | Identified a scroll of acquirement
 19821 | Lair:5   | Mangled by a spriggan rider

Vanquished Creatures
  Kirke (Lair:3)
  The ghost of caveywoolpert the Thaumaturge, a journeyman DgEE (Lair:1)
  Harold (Lair:2)
  A hydra (Lair:5)
  A boulder beetle (D:11)
  Erolcha (D:9)
  A catoblepas (Lair:2)
  3 two-headed ogres
  A death yak (Lair:4)
  Amaemon (Lair:2)
  A lindwurm (Lair:3)
  An orc knight (Bailey)
  2 ugly things (D:11)
  2 cyclopes (D:11)
  5 black mambas
  12 elephants (Lair:4)
  Joseph (D:7)
  3 gargoyles
  3 rime drakes
  5 cane toads
  An orange demon (Lair:2)
  A kobold demonologist (D:11)
  6 komodo dragons
  An unseen horror (D:10)
  A queen bee (Lair:2)
  3 trolls
  3 polar bears
  4 hornets
  17 dream sheep
  2 vampires (D:11)
  4 spriggans (Lair:5)
  3 wyverns
  4 wraiths (D:11)
  37 yaks
  3 basilisks
  5 hogs (Lair:3)
  Eustachio (D:6)
  Grum (D:10)
  6 vampire mosquitoes (D:11)
  3 nagas (Lair:2)
  2 acid dragons
  14 water moccasins
  The ghost of kae the Firebug, an amateur TeFE (D:4)
  Duvessa (D:6)
  2 ice beasts
  11 orc warriors
  A sky beast (D:7)
  23 wolves
  A black bear (Lair:5)
  7 centaurs
  2 ogres
  3 phantoms
  3 kobold brigands
  Blork the orc (D:4)
  6 bullfrogs
  A necrophage (D:7)
  2 scorpions
  A gnoll sergeant (D:6)
  13 wights
  Dowan (D:6)
  30 killer bees
  4 electric eels
  4 howler monkeys
  A crimson imp (D:8)
  7 hounds
  A jelly (D:6)
  A gnoll bouda (D:7)
  6 orc priests
  Crazy Yiuf (D:4)
  3 iguanas
  Terence (D:2)
  7 orc wizards
  Natasha (thrice) (D:2)
  14 gnolls
  5 adders
  A shadow imp (D:6)
  2 white imps
  An ufetubus (D:5)
  3 worms
  13 dart slugs
  66 orcs
  4 endoplasms
  A giant cockroach (D:3)
  7 hobgoblins
  4 jackals
  7 quokkas
  9 ball pythons
  3 bats
  4 frilled lizards
  8 goblins
  23 kobolds
  4 rats
497 creatures vanquished.

Vanquished Creatures (others)
  A bush (Lair:4)
  50 fungi
  54 plants
105 creatures vanquished.

Grand Total: 602 creatures vanquished
